 Dungeon Sprint DCSS version 0.19.1-1-g22dce08 (webtiles) character file.

5100 dvd the Basher (level 10, -3/110 HPs)
             Began as a Troll Berserker on Jan 6, 2017.
             Was the Champion of Trog.
             Slain by a komodo dragon (23 damage)
             ... in the Dungeon (Sprint III: "The Ten Rune Challenge").
             The game lasted 00:07:27 (767 turns).

dvd the Basher (Troll Berserker)                     Turns: 767, Time: 00:07:27

Health: -3/110     AC:  6    Str: 27    XL:     10   Next: 32%
Magic:  9/9        EV: 14    Int:  4    God:    Trog [******]
Gold:   3846       SH:  0    Dex: 11    Spells: 0 memorised, 9 levels left

rFire  + . .     SeeInvis .     B - +6 great mace (crush)
rCold  . . .     Gourm    +     y - +0 robe {rF+}
rNeg   . . .     Faith    .     (shield currently unavailable)
rPois  .         Spirit   .     (helmet restricted)
rElec  .         Reflect  .     n - +0 cloak
rCorr  .         Harm     .     (gloves unavailable)
MR     .....     NoTele   +     (boots unavailable)
Stlth  ++........               (no amulet)
                                (no ring)
                                (no ring)

@: lethally poisoned (-3 -> -4)
A: unfitting armour, claws 3, horns 1, fast metabolism 3, gourmand, regeneration
1, shaggy fur 1, tough skin 2
a: Berserk, Trog's Hand, Brothers in Arms, Burn Spellbooks, Renounce Religion


You were in the Dungeon.
You worshipped Trog.
Trog was exalted by your worship.
You were completely stuffed.

You visited 1 branch You collected 4324 gold pieces.
You spent 478 gold pieces at shops.

Inventory:

Hand Weapons
 a - a +0 mace
 b - a +4 antimagic dire flail
 j - a +2 flail of holy wrath
 m - a +4 quarterstaff of chaos
 s - a +1 dagger of venom
 v - a +1 antimagic quarterstaff
 B - a +6 great mace of crushing (weapon)
Missiles
 A - 9 tomahawks (quivered)
Armour
 n - a +0 cloak (worn)
 y - a +0 robe of fire resistance (worn)
Wands
 w - a wand of disintegration (14/24)
Scrolls
 i - a scroll of blinking
 k - 3 scrolls of identify {unknown}
 l - a scroll of amnesia {unknown}
 o - a scroll of holy word {unknown}
 p - 3 scrolls of remove curse
 t - a scroll of torment {unknown}
Potions
 d - 3 potions of curing
 e - a potion of heal wounds
 f - a potion of haste
 g - 2 potions of magic
 h - a potion of berserk rage
 r - 2 potions of cure mutation
 u - a potion of might
Miscellaneous
 x - a sack of spiders
Comestibles
 c - 2 bread rations
 q - 2 royal jellies
 z - 6 chunks of flesh


   Skills:
 + Level 10.0 Fighting
 + Level 12.5(14.3) Maces & Flails
 + Level 10.9(12.9) Staves
 + Level 9.7 Dodging
 + Level 1.8 Stealth


You had 9 spell levels left.
You didn't know any spells.

Dungeon Overview and Level Annotations

Branches:
Dungeon (1/1)

Altars:
Cheibriados
Dithmenos
Elyvilon
Fedhas
Gozag
Hepliaklqana
Kikubaaqudgha
Makhleb
Nemelex Xobeh
Okawaru
Qazlal
Ru
Sif Muna
Trog
Uskayaw
Vehumet
Xom
Yredelemnul
Zin
The Shining One
Beogh
Jiyva
Lugonu

Shops:
D !


Innate Abilities, Weirdness & Mutations

You are too large for most types of armour.
You have claws for hands.
Your metabolism is lightning-fast.
You like to eat raw meat.
Your natural rate of healing is unusually fast.
You are covered in fur. (AC +1)
You have very tough skin. (AC +2)
You have a pair of small horns on your head.


Message History

You kill the spiny frog!
Trog accepts your kill.
Your Fighting skill increases to level 10!
You feel sick.
You bludgeon the komodo dragon!!
The komodo dragon is severely wounded.
You feel sick. The komodo dragon closely misses you.
You hit the komodo dragon but do no damage.
The komodo dragon is severely wounded.
The komodo dragon bites you!!
* * * LOW HITPOINT WARNING * * *
You barely miss the komodo dragon.
You headbutt the komodo dragon, but do no damage.
The komodo dragon is severely wounded.
You feel sick. The komodo dragon bites you.
* * * LOW HITPOINT WARNING * * *
You sock the komodo dragon!
The komodo dragon is almost dead.
The komodo dragon bites you!!
You die...

..####...#...######'#.#####.#..#
..###....#.⌠.#__#...#'###########
..##.....#...#__#...#..§§§§.#.)).
..#......#'###__#...#)#§§§#.#(#).
##.#.....#.).#__#...'.#§§§#.#.#..
#####....#___#__'...#.#.§§#...#..
▓ ▓▓▓▓▓▓▓▓▓▓▓▓▓▓▓▓▓▓▓▓▓▓▓▓▓▓▓▓▓
♣♣≈≈≈........≈≈≈..
♣@♣≈≈≈≈≈≈≈≈≈≈≈≈♣♣P
#.l♣♣♣♣♣♣♣♣♣♣♣♣♣♣♣♣P #.. ♣♣ ###


You could see a komodo dragon.

Vanquished Creatures
  Josephine (D)
  A centaur warrior (D)
  An orc high priest (D)
  An unseen horror (D)
  A deep elf mage (D)
  2 spiny frogs (D)
  3 wandering mushrooms (D)
  A shadow (D)
  A spatial vortex (D)
  A necrophage (D)
  2 centaurs (D)
  An earth elemental (D)
  A water elemental (D)
  A jelly (D)
  Crazy Yiuf (D)
  A wizard (D)
  Jessica (D)
  A necromancer (D)
  3 humans (D)
  A kobold demonologist (D)
  An ooze (D)
  3 orcs (D)
  2 rats (D)
32 creatures vanquished.

Vanquished Creatures (collateral kills)
  An orc warrior (D)
  3 orc wizards (D)
  4 orc priests (D)
  6 orcs (D)
14 creatures vanquished.

Vanquished Creatures (others)
  2 draconian scorchers (D)
  6 hellions (D)
  A yaktaur (D)
  A plant (D)
10 creatures vanquished.

Grand Total: 56 creatures vanquished

Notes
Turn   | Place    | Note
-------+----------+-------------------------------------------
     0 | D        | dvd the Troll Berserker began the quest for the Orb.
     0 | D        | Reached XP level 1. HP: 22/22 MP: 0/0
    15 | D        | Reached skill level 3 in Maces & Flails
    32 | D        | Noticed Jessica
    48 | D        | Killed Jessica
    48 | D        | Reached ** piety under Trog
    48 | D        | Reached skill level 4 in Maces & Flails
    48 | D        | Reached XP level 2. HP: 22/32 MP: 1/1
    48 | D        | Reached XP level 3. HP: 27/39 MP: 2/2
    70 | D        | Killed a hellion
    72 | D        | Killed a hellion
    86 | D        | Noticed Crazy Yiuf
    90 | D        | Killed Crazy Yiuf
    90 | D        | Reached skill level 5 in Maces & Flails
    94 | D        | Reached *** piety under Trog
    94 | D        | Reached XP level 4. HP: 48/49 MP: 3/3
    94 | D        | Killed a hellion
    95 | D        | Killed a hellion
   111 | D        | Killed a white draconian scorcher
   137 | D        | Killed a white draconian scorcher
   140 | D        | Killed a hellion
   143 | D        | Gained mutation: You expend magic power (3 MP) to strengthen your wands. [potion of mutation]
   143 | D        | Gained mutation: You are partially covered in yellow scales. (AC +2) [potion of mutation]
   143 | D        | Gained mutation: You are resistant to hostile enchantments. (MR+) [potion of mutation]
   144 | D        | Lost intelligence.
   144 | D        | Gained mutation: You are dopey. (Int -2) [potion of mutation]
   144 | D        | Gained mutation: Your spells are a little harder to cast, but a little more powerful. [potion of mutation]
   144 | D        | Gained mutation: Your magical capacity is low. (-10% MP) [potion of mutation]
   147 | D        | Gained mutation: Your muscles are strong. (Str +2) [potion of mutation]
   147 | D        | Gained mutation: You are partially covered in molten scales. (AC +2) [potion of mutation]
   148 | D        | Lost mutation: Your muscles are strong. (Str +2) [potion of cure mutation]
   148 | D        | Lost mutation: You expend magic power (3 MP) to strengthen your wands. [potion of cure mutation]
   148 | D        | Lost mutation: You are partially covered in yellow scales. (AC +2) [potion of cure mutation]
   148 | D        | Lost mutation: Your magical capacity is low. (-10% MP) [potion of cure mutation]
   148 | D        | Lost mutation: You are resistant to hostile enchantments. (MR+) [potion of cure mutation]
   148 | D        | Killed a hellion
   149 | D        | Lost mutation: You are dopey. (Int -2) [potion of cure mutation]
   149 | D        | Lost mutation: Your spells are a little harder to cast, but a little more powerful. [potion of cure mutation]
   149 | D        | Lost mutation: You are partially covered in molten scales. (AC +2) [potion of cure mutation]
   172 | D        | Noticed a water elemental
   177 | D        | Killed a water elemental
   177 | D        | Reached skill level 5 in Fighting
   177 | D        | Reached skill level 6 in Maces & Flails
   177 | D        | Reached skill level 5 in Dodging
   177 | D        | Reached XP level 5. HP: 57/57 MP: 4/4
   220 | D        | Found a radiant altar of Vehumet.
   221 | D        | Found a deep blue altar of Sif Muna.
   221 | D        | Found an ancient bone altar of Kikubaaqudgha.
   225 | D        | Reached **** piety under Trog
   225 | D        | Reached skill level 7 in Maces & Flails
   225 | D        | Reached skill level 1 in Staves
   241 | D        | Reached ***** piety under Trog
   256 | D        | Found a glowing silver altar of Zin.
   256 | D        | Found a glowing golden altar of the Shining One.
   256 | D        | Found a white marble altar of Elyvilon.
   257 | D        | Noticed a deep elf mage
   263 | D        | Noticed a fire elemental
   263 | D        | Noticed a fire elemental
   263 | D        | Killed a deep elf mage
   263 | D        | Reached skill level 9 in Maces & Flails
   263 | D        | Reached XP level 6. HP: 71/71 MP: 5/5
   263 | D        | Reached XP level 7. HP: 78/78 MP: 6/6
   284 | D        | Found a hide-covered altar of Uskayaw.
   284 | D        | Found a roughly hewn altar of Beogh.
   284 | D        | Found an iron altar of Okawaru.
   284 | D        | Found a bloodstained altar of Trog.
   284 | D        | Noticed a human
   286 | D        | Noticed a human
   290 | D        | Killed a human
   302 | D        | Killed a human
   302 | D        | Reached skill level 10 in Maces & Flails
   302 | D        | Reached skill level 5 in Staves
   348 | D        | Found a shadowy altar of Dithmenos.
   349 | D        | Received a gift from Trog
   350 | D        | Found a basalt altar of Yredelemnul.
   350 | D        | Found a sacrificial altar of Ru.
   351 | D        | Reached XP level 8. HP: 87/87 MP: 7/7
   362 | D        | Killed a yaktaur
   382 | D        | Found a blossoming altar of Fedhas.
   382 | D        | Found a stormy altar of Qazlal.
   382 | D        | Found a snail-covered altar of Cheibriados.
   382 | D        | Found a burning altar of Makhleb.
   382 | D        | Found a shimmering altar of Xom.
   383 | D        | Found a hazy altar of Hepliaklqana.
   383 | D        | Found an opulent altar of Gozag.
   383 | D        | Found a sparkling altar of Nemelex Xobeh.
   383 | D        | Found a corrupted altar of Lugonu.
   383 | D        | Found a viscous altar of Jiyva.
   427 | D        | Noticed Josephine
   439 | D        | Killed Josephine
   439 | D        | Reached ****** piety under Trog
   439 | D        | Reached skill level 11 in Maces & Flails
   439 | D        | Reached XP level 9. HP: 97/97 MP: 8/8
   480 | D        | Found Ethroixze's Distillery.
   480 | D        | Noticed an orc high priest
   485 | D        | Received a gift from Trog
   487 | D        | Noticed a soul eater
   488 | D        | Killed an orc high priest
   488 | D        | Reached skill level 1 in Stealth
   495 | D        | Received a gift from Trog
   509 | D        | Bought a potion of curing for 33 gold pieces
   509 | D        | Bought a potion of curing for 33 gold pieces
   509 | D        | Bought a potion of mutation for 27 gold pieces
   509 | D        | Gained mutation: You are surrounded by a mild repulsion field. (EV +2) [potion of mutation]
   509 | D        | Gained mutation: You are frail. (-10% HP) [potion of mutation]
   510 | D        | Lost mutation: You are frail. (-10% HP) [potion of cure mutation]
   510 | D        | Lost mutation: You are surrounded by a mild repulsion field. (EV +2) [potion of cure mutation]
   511 | D        | Bought a potion of beneficial mutation for 385 gold pieces
   511 | D        | Gained mutation: You have a pair of small horns on your head. [potion of beneficial mutation]
   617 | D        | Received a gift from Trog
   625 | D        | Noticed a centaur warrior
   634 | D        | Killed a centaur warrior
   634 | D        | Reached skill level 10 in Staves
   721 | D        | Killed an unseen horror
   721 | D        | Reached XP level 10. HP: 104/107 MP: 9/9
   740 | D        | Reached skill level 12 in Maces & Flails
   756 | D        | Noticed a spiny frog
   756 | D        | Noticed a spiny frog
   760 | D        | Killed a spiny frog
   763 | D        | Killed a spiny frog
   763 | D        | Reached skill level 10 in Fighting
   767 | D        | Slain by a komodo dragon

Skill      XL: |  1  2  3  4  5  6  7  8  9 10 |
---------------+-------------------------------+-----
Maces & Flails | 4 5 6 9 10 11 12 | 12.5
Dodging        | 3 4 5 7 8 9 |  9.7
Fighting       | 3 4 5 7 8 9 10 | 10.0
Staves         | 3 5 8 10 | 10.9
Stealth        | 1 |  1.8

Action                   |  1- 3 |  4- 6 |  7- 9 | 10-12 || total
-------------------------+-------+-------+-------+-------++-------
Melee: Mace              |    19 |       |       |       ||    19
       Quarterstaff      |       |    12 |    35 |       ||    47
       Dire flail        |       |       |    15 |       ||    15
       Great mace        |       |       |     8 |    16 ||    24
       Headbutt          |       |       |     2 |     2 ||     4
Invok: Berserk           |     2 |     3 |     2 |       ||     7
       Burn Spellbooks   |       |     1 |       |       ||     1
       Brothers in Arms  |       |       |     1 |       ||     1
  Use: Potion            |       |     7 |     3 |       ||    10
  Eat: Chunk             |     2 |     1 |    15 |       ||    18
       Royal jelly       |       |       |     1 |       ||     1
Armor: Animal skin       |     4 |     2 |     6 |       ||    12
       Robe              |       |       |     3 |       ||     3
Dodge: Dodged            |     4 |     3 |    22 |     8 ||    37
